 Dungeon Crawl Stone Soup version 0.31-a0-700-gf13585253f (webtiles) character file.

Game seed: 12033723146012792704

269 qw the Shooter (level 6, -3/38 HPs)
             Began as a Gargoyle Hunter on Sept 7, 2023.
             Slain by a gnoll
             ... wielding a +0 halberd
              (4 damage)
             ... on level 3 of the Dungeon.
             The game lasted 00:01:06 (2104 turns).

qw the Shooter (Gargoyle Hunter)                    Turns: 2104, Time: 00:01:06

Health: -3/38      AC:  9    Str: 20    XL:     6   Next: 22%
Magic:  6/6        EV: 11    Int: 10    God:
Gold:   183        SH:  0    Dex: 15    Spells: 5/5 levels left

rFire   . . .        Y - +0 shortbow
rCold   . . .        (shield currently unavailable)
rNeg    + . .        i - +0 ring mail
rPois   inf          (no helmet)
rElec   +            (no cloak)
rCorr   .            (no gloves)
SInv    .            (no boots)
Will    .....        (no amulet)
Stlth   +            c - +6 ring of strength
HPRegen 0.26/turn    (no ring)
MPRegen 0.10/turn

%: no passive effects
@: no status effects
A: sickness immunity, AC +4, negative energy resistance 1, electricity
resistance, torment resistance 1, petrification resistance
a: no special abilities


You were on level 3 of the Dungeon.
You visited 1 branch of the dungeon, and saw 3 of its levels.

You collected 183 gold pieces.


Innate Abilities, Weirdness & Mutations

You are immune to sickness and miasma.
Your stone body is resilient. (AC +4)
You are immune to poison.
You resist negative energy. (rN+)
You are resistant to electric shocks. (rElec)
You are resistant to unholy torment.
You are immune to petrification.


   Skills:
 - Level 4.2 Fighting
 + Level 6.3 Ranged Weapons
 - Level 1.0 Armour
 - Level 1.5 Dodging
 - Level 1.1 Stealth


You had 5 spell levels left.
You didn't know any spells.
Your spell library was empty.

Inventory:

Hand Weapons
 Y - a +0 shortbow (weapon)
Armour
 a - a +1 leather armour of cold resistance
 i - a +0 ring mail (worn)
Jewellery
 c - a +6 ring of strength (left hand)
Scrolls
 g - a scroll of teleportation {unknown}
Potions
 b - a potion of heal wounds {unknown}
 d - a potion of berserk rage {unknown}
 e - a potion of haste {unknown}
 f - a potion of brilliance {unknown}
 j - a potion of cancellation {unknown}
 k - a potion of curing {unknown}

Dungeon Overview and Level Annotations

Branches:
Dungeon (3/15)

Altars:
Uskayaw


Message History

You shoot an arrow. The arrow hits the gnoll.
The gnoll is severely wounded.
The gnoll misses you. The gnoll barely misses you. x2
The gnoll closely misses you.
You shoot an arrow. The arrow hits the gnoll!
You kill the gnoll!
The gnoll closely misses you.
You shoot an arrow. The arrow closely misses the gnoll.
The gnoll hits you from afar with a +0 halberd.
You shoot an arrow. The arrow barely misses the gnoll.
The gnoll hits you from afar with a +0 halberd!
You shoot an arrow. The arrow hits the gnoll.
The gnoll is heavily wounded.
The gnoll hits you but does no damage. x2
You shoot an arrow.
The arrow hits the gnoll but does no damage.
The gnoll is heavily wounded.
The gnoll hits you from afar with a +0 halberd.
The gnoll barely misses you.
You shoot an arrow. The arrow hits the gnoll.
The gnoll is heavily wounded.
The gnoll barely misses you.
The gnoll hits you from afar with a +0 halberd!
The gnoll barely misses you. The gnoll hits you with a +0 club!
You shoot an arrow.
The arrow hits the gnoll but does no damage.
The gnoll is heavily wounded.
The gnoll misses you. The gnoll barely misses you.
You shoot an arrow. The arrow barely misses the gnoll.
The gnoll closely misses you. The gnoll misses you.
You shoot an arrow. The arrow hits the gnoll.
You kill the gnoll!
The gnoll hits you from afar with a +0 halberd.
You shoot an arrow. The arrow closely misses the gnoll.
The gnoll misses you.
You shoot an arrow. The arrow hits the gnoll!
The gnoll is severely wounded.
The gnoll hits you but does no damage.
The gnoll hits you from afar with a +0 halberd.
You die...

######### #.......#
###.#####.#
########...#####.#
.....g..........>#
......)@.......#.#
########.#...#.#.#
#...#+#+#+#.#
#.#.........#
#...........#####
####..<............#
##¤¤.............##.#
#¤¤#.............##.#
#.P.~[..............#


You could see a gnoll.

Vanquished Creatures
  A water moccasin skeleton (D:3)
  2 orc priests (D:3)
  7 gnolls
  An adder (D:2)
  4 adder skeletons (D:3)
  An adder zombie (D:3)
  2 worms
  2 dart slugs
  6 orcs (D:3)
  6 bats
  An endoplasm (D:2)
  A giant cockroach (D:2)
  2 goblins
  3 hobgoblins
  4 jackals (D:1)
  6 kobolds
  4 quokkas
  2 ball pythons
  A frilled lizard (D:1)
  8 rats
64 creatures vanquished.

Notes
Turn   | Place    | Note
-------+----------+-------------------------------------------
     0 | D:1      | qw the Gargoyle Hunter began the quest for the Orb.
     0 | D:1      | Reached XP level 1. HP: 12/12 MP: 1/1
     0 | D:1      | 0 ||| qw: Version: 0.3-a-76-g4403597
     0 | D:1      | 0 ||| qw: Game counter: 690
     0 | D:1      | 0 ||| qw: Melee chars always use a shield: true
     0 | D:1      | 0 ||| qw: God list: Okawaru
     0 | D:1      | 0 ||| qw: Allow faded altars: false
     0 | D:1      | 0 ||| qw: Do Orc after clearing Dungeon:15 true
     0 | D:1      | 0 ||| qw: Do second Lair branch before Depths: true
     0 | D:1      | 0 ||| qw: Lair rune preference: random
     0 | D:1      | 0 ||| qw: Goals: Normal
     0 | D:1      | 0 ||| PLANNING D:1-11
   122 | D:1      | Reached XP level 2. HP: 17/17 MP: 2/2
   645 | D:1      | Reached XP level 3. HP: 21/21 MP: 3/3
   658 | D:1      | Reached skill level 5 in Ranged Weapons
   848 | D:1      | 848 ||| UPGRADING to +0 ring mail.
   858 | D:1      | 858 ||| DROPPING +0 leather armour.
   859 | D:1      | 859 ||| READING scroll labelled KUEXUU CIDGHUCY.
   860 | D:1      | 860 ||| READING scroll labelled LAIMEXT BOWUS.
   861 | D:1      | 861 ||| READING scroll labelled INLUSE PECUIQU.
   879 | D:1      | 879 ||| READING 2 scrolls labelled WOYMIM JADDOAM.
   880 | D:1      | 880 ||| DROPPING scroll of butterflies.
   881 | D:1      | 881 ||| DROPPING scroll of immolation.
   897 | D:2      | 897 ||| STAIRDANCE
   935 | D:2      | Found a hide-covered altar of Uskayaw.
  1005 | D:2      | Reached skill level 1 in Armour
  1152 | D:2      | 1152 ||| FLEEEEING.
  1188 | D:2      | 1188 ||| RETREATING.
  1190 | D:2      | Reached XP level 4. HP: 27/27 MP: 4/4
  1191 | D:2      | Reached skill level 3 in Fighting
  1206 | D:2      | 1206 ||| FLEEEEING.
  1207 | D:2      | 1207 ||| FLEEEEING.
  1208 | D:2      | 1208 ||| FLEEEEING.
  1209 | D:2      | 1209 ||| FLEEEEING.
  1210 | D:2      | 1210 ||| FLEEEEING.
  1216 | D:2      | HP: 6/28 [gnoll/+0 club (4)]
  1345 | D:2      | Identified the +6 dagger of the Desert {spect, Str+2}
  1660 | D:2      | 1660 ||| UPGRADING to +6 ring of strength.
  1661 | D:2      | 1661 ||| READING scroll labelled LYUGUTETIMM.
  1662 | D:2      | 1662 ||| READING scroll labelled TICEFAU PAPRUS.
  1692 | D:3      | 1692 ||| PLANNING SEWER
  1699 | D:3      | 1699 ||| STAIRDANCE
  1795 | D:3      | Reached skill level 6 in Ranged Weapons
  1795 | D:3      | Reached XP level 5. HP: 26/32 MP: 5/5
  1877 | D:3      | 1877 ||| FLEEEEING.
  1881 | D:3      | Found a faded altar of an unknown god.
  1883 | D:3      | 1883 ||| FLEEEEING.
  1884 | D:3      | 1884 ||| FLEEEEING.
  1928 | D:3      | 1928 ||| FLEEEEING.
  1937 | D:3      | Reached XP level 6. HP: 23/38 MP: 6/6
  1942 | D:3      | 1942 ||| FLEEEEING.
  1943 | D:3      | 1943 ||| FLEEEEING.
  2099 | D:3      | HP: 2/38 [gnoll/+0 club (8)]
  2104 | D:3      | Slain by a gnoll

Levels and vault maps discovered:
D:1:      dpeg_arrival_tiny_k, layout_loops_corners
D:2:      layout_basic, basic_altar, hex_large
D:3:      layout_basic, serial_undead, serial_undead_e, serial_undead_f,
          serial_undead_b, serial_undead_c, ebering_ecumenical_altar_mist,
          portal_sewer_entry_d, lightli_corner_chamber

Skill      XL: |  1  2  3  4  5 |
---------------+----------------+-----
Ranged Weapons | 5 6 |  6.3
Armour         | 1 |  1.0
Fighting       | 3 4 |  4.2
Dodging        | |  1.5
Stealth        | |  1.1

Action                     |  1- 3 |  4- 6 || total
---------------------------+-------+-------++-------
   Fire: Shortbow          |   110 |   167 ||   277
    Use: Scroll            |     4 |     2 ||     6
 Armour: Leather armour    |    15 |       ||    15
         Ring mail         |    13 |    82 ||    95
  Dodge: Dodged            |    23 |    61 ||    84

Table legend:
 A = Non-vault XP
 B = Vault XP
 C = Vault XP percentage of total XP
 D = Non-vault monster count
 E = Vault monster count
 F = Vault count percentage of total count
                 A         B        C        D         E       F
            +---------+---------+-------+---------+---------+-------
      Total |     288 |      97 |  25.2 |      58 |       6 |   9.4
            +---------+---------+-------+---------+---------+-------
        D:1 |      55 |       0 |   0.0 |      22 |       0 |   0.0
        D:2 |      85 |       0 |   0.0 |      21 |       0 |   0.0
        D:3 |     148 |      97 |  39.6 |      15 |       6 |  28.6
            +---------+---------+-------+---------+---------+-------
